 Dungeon Crawl Stone Soup version 0.19-a0-1079-g88a7474 (webtiles) character file.

33226 bullock the Warrior (level 13, -25/117 HPs)
             Began as a Demonspawn Wanderer on Aug 6, 2016.
             Was the Champion of Makhleb.
             Annihilated by a white ugly thing (27 damage)
             ... on level 15 of the Dungeon.
             The game lasted 00:42:24 (12711 turns).

bullock the Warrior (Demonspawn Wanderer)          Turns: 12711, Time: 00:42:25

Health: -25/117    AC: 21    Str: 12    XL:     13   Next: 35%
Magic:  20/27      EV:  8    Int: 19    God:    Makhleb [******]
Gold:   496        SH:  5    Dex: 14    Spells: 2 memorised, 31 levels left

rFire  . . .     SeeInvis +     w - +8 war axe of Hycome {freeze, +Fly rElec Dex+3}
rCold  . . .     Gourm    .     a - +2 scale mail
rNeg   . . .     Faith    .     g - +0 buckler
rPois  .         Spirit   .     S - +2 hat
rElec  +         Dismiss  .     L - +0 cloak
rCorr  .         Reflect  .     Y - +0 pair of gloves (curse)
SustAt .         Harm     .     (no boots)
MR     .....                    (no amulet)
Stlth  ..........               (no ring)
                                z - +4 ring of protection

@:
A: horns 2, rough black scales 2, see invisible, spiny 3, rot immunity
a: Minor Destruction, Lesser Servant of Makhleb, Major Destruction, Greater
Servant of Makhleb, Renounce Religion, Evoke Flight


You were on level 15 of the Dungeon.
You worshipped Makhleb.
Makhleb was exalted by your worship.
You were hungry.

You visited 1 branch of the dungeon, and saw 15 of its levels.

You collected 816 gold pieces.
You spent 320 gold pieces at shops.

Inventory:

Hand Weapons
 k - a +0 blowgun
 w - the +8 war axe of Hycome (weapon) {freeze, +Fly rElec Dex+3}
   (You bought it in a shop on level 11 of the Dungeon)

   It has been specially enchanted to freeze those struck by it, causing extra
   injury to most foes and up to half again as much damage against particularly
   susceptible opponents.
   It can also slow down cold-blooded creatures.
   It affects your dexterity (+3).
   It insulates you from electricity.
   It lets you fly.
 G - a +2 scimitar of flaming
Missiles
 n - 42 poisoned needles
 r - 2 throwing nets (quivered)
 F - a curare-tipped needle
Armour
 a - a +2 scale mail (worn)
 g - a +0 buckler (worn)
 L - a +0 cloak (worn)
 Q - a +1 pair of gloves
 S - a +2 hat (worn)
 Y - a cursed +0 pair of gloves (worn)
Jewellery
 v - an uncursed ring of poison resistance
 z - a +4 ring of protection (left hand)
Wands
 D - a wand of slowing (29/48)
 M - a wand of hasting (1/9)
 V - a wand of lightning (5/15)
 X - a wand of paralysis (4/24)
 Z - a wand of teleportation (4/9)
Scrolls
 i - 2 scrolls of recharging
 o - a scroll of remove curse
 p - a scroll of enchant weapon {unknown}
 q - 3 scrolls of immolation
 t - 3 scrolls of amnesia
 x - 2 scrolls of fog
 y - 4 scrolls of magic mapping {unknown}
 I - 5 scrolls of teleportation
 J - 3 scrolls of silence
 O - a scroll of enchant armour {unknown}
 P - a scroll of torment {unknown}
 U - 6 scrolls of identify
Potions
 b - 5 potions of agility
 c - 7 potions of curing
 e - 2 potions of invisibility
 l - 3 potions of haste
 s - 3 potions of flight
 B - 2 potions of cure mutation {unknown}
 C - a potion of might {unknown}
 E - a potion of cancellation
 H - 6 potions of lignification
 K - 3 potions of brilliance {unknown}
 W - a potion of resistance {unknown}
Books
 u - a book of Callings

   Spells                             Type                      Level
   a - Summon Small Mammal            Summoning                    1
   b - Call Imp                       Summoning                    2
   c - Call Canine Familiar           Summoning                    3
   d - Summon Guardian Golem          Hexes/Summoning              3
   e - Summon Lightning Spire         Summoning/Air                4
   f - Summon Ice Beast               Ice/Summoning                4
 N - a book of Party Tricks

   Spells                             Type                      Level
   a - Summon Butterflies             Summoning                    1
   b - Apportation                    Translocation                1
   c - Tukima's Dance                 Hexes                        3
   d - Alistair's Intoxication        Transmutation/Poison         5
   e - Invisibility                   Hexes                        6
 R - a book of Summonings

   Spells                             Type                      Level
   a - Recall                         Summoning/Translocation      3
   b - Aura of Abjuration             Summoning                    5
   c - Summon Demon                   Summoning                    5
   d - Summon Forest                  Summoning/Translocation      5
   e - Summon Mana Viper              Hexes/Summoning              5
   f - Shadow Creatures               Summoning                    6
 T - a book of Power

   Spells                             Type                      Level
   a - Fulminant Prism                Conjuration/Hexes            4
   b - Iskenderun's Mystic Blast      Conjuration                  4
   c - Venom Bolt                     Conjuration/Poison           5
   d - Bolt of Magma                  Conjuration/Fire/Earth       5
   e - Iron Shot                      Conjuration/Earth            6
   f - Orb of Destruction             Conjuration                  7
   g - Spellforged Servitor           Conjuration/Summoning        7
Comestibles
 d - 11 bread rations
 f - 10 meat rations
 h - 8 royal jellies
 j - a beef jerky
 m - 13 fruits
 A - 2 slices of pizza


   Skills:
 + Level 15.9 Fighting
   Level 1.7 Maces & Flails
 - Level 1.0 Armour
 - Level 1.0 Stealth
 - Level 3.1 Shields
 + Level 10.5 Spellcasting
 - Level 1.0 Summonings
 + Level 13.7 Invocations
 - Level 1.0 Evocations


You had 31 spell levels left.
You knew the following spells:

 Your Spells              Type           Power        Failure   Level  Hunger
n - Apportation           Tloc           #.........   43%         1    None
w - Summon Butterflies    Summ           ##......     30%         1    None


Dungeon Overview and Level Annotations

Branches:
Dungeon (15/15)            Temple (0/1) D:7            Lair (0/6) D:9
    Orc (0/2) D:10         Vaults (0/5) D:13
 Depths: D:15

Altars:
Ashenzari
Fedhas
Gozag
Kikubaaqudgha
Makhleb
Okawaru
Qazlal
Ru
Trog
Uskayaw
Vehumet
Xom
Yredelemnul
The Shining One

Shops:
D:11 !(   D:15 (


Innate Abilities, Weirdness & Mutations

You have a pair of horns on your head.
You are mostly covered in rough black scales. (AC +5, Dex -2)
You are completely covered in sharp spines.
You are immune to rotting.
You have supernaturally acute eyesight. (SInv)


Message History

The white ugly thing pecks you but does no damage.
Unknown command.
You barely miss the white ugly thing.
The white ugly thing is severely wounded.
You closely miss the white ugly thing.
The white ugly thing is struck by your spines.
The white ugly thing pecks you but does no damage.
The white ugly thing tail-slaps you. The white ugly thing freezes you!!
The white ugly thing pecks you but does no damage.
The white ugly thing is struck by your spines.
The white ugly thing closely misses you.
You closely miss the white ugly thing.
The white ugly thing is almost dead.
You slash the white ugly thing! The white ugly thing pecks you.
The white ugly thing freezes you!!
* * * LOW HITPOINT WARNING * * *
The white ugly thing tail-slaps you.
* * * LOW HITPOINT WARNING * * *
The white ugly thing freezes you!!
You die...

...#...####.#.....#.........
............#######........#
..........................#
...............#######....# #+
..###...###+####.. #....#
#.######.#...#......... #....#
##........#..##......... ###....#
..........#..#..†u...... #......#
#........#..#..@u..[... #.......
#........+..#'########+##.......
#....<†.#.................)....
#.......+......................
###....††.##.....................
...........#.....................
...........#.....................
...........#.....................
...........#.......#######.......


You could see 2 ugly things.

Vanquished Creatures
  Josephine (D:13)
  2 vault guards (D:13)
  3 centaur warriors
  A tengu warrior (D:14)
  A skeletal warrior (D:13)
  5 unseen horrors
  3 hill giants
  6 ugly things
  The ghost of poirepourri the Nimble, a novice SpAs of Dithmenos (D:7)
  A cyclops (D:15)
  2 manticores
  A salamander (shapeshifter) (D:13)
  A guardian serpent (shapeshifter) (D:15)
  Joseph (D:9)
  Psyche (D:10)
  A gargoyle (D:11)
  A freezing wraith (D:15)
  A tengu conjurer (D:14)
  A queen bee (D:8)
  3 trolls
  A two-headed ogre (D:10)
  Prince Ribbit (D:9)
  A harpy skeleton (D:15)
  A meliai zombie (D:13)
  6 wraiths
  A wyvern (D:11)
  Sigmund (D:3)
  2 yaks (shapeshifter)
  2 humans (D:9)
  Grum (D:10)
  2 hungry ghosts
  4 fire elementals (D:13)
  7 hippogriffs
  7 vampire mosquitoes
  2 wargs (D:9)
  2 mottled dragons
  A hell hound (D:13)
  A water moccasin (D:14)
  3 ice beasts
  5 phantoms
  Duvessa (D:7)
  2 black bears
  4 eyes of draining
  3 sky beasts
  A wasp (D:12)
  9 orc warriors
  5 ogres
  A necrophage (D:7)
  A crocodile (D:10)
  A centaur (D:6)
  4 wolves (D:10)
  2 big kobolds
  A wyvern zombie (D:11)
  9 giant frogs
  Dowan (D:7)
  2 scorpions
  2 troll zombies (D:7)
  20 killer bees
  4 wights
  4 jellies
  4 centaur zombies
  A giant frog zombie (D:11)
  4 howler monkeys
  7 crimson imps
  4 hounds
  3 human zombies (D:7)
  13 orc priests
  Crazy Yiuf (D:6)
  3 centaur skeletons
  2 giant frog skeletons
  A human skeleton (D:7)
  5 iguanas
  Terence (D:3)
  Natasha (twice) (D:2)
  13 orc wizards
  7 worker ants
  4 sheep (D:15)
  An ogre zombie (D:7)
  2 mummies (D:7)
  A worker ant zombie (D:9)
  2 howler monkey skeletons
  18 adders
  4 gnolls (D:5)
  2 shadow imps
  3 oozes
  4 worms
  3 adder skeletons
  A giant gecko (D:1)
  74 orcs
  8 bats
  5 giant cockroaches
  9 goblins
  7 hobgoblins
  10 jackals
  15 kobolds
  2 quokkas
  2 ball pythons
  A giant gecko skeleton (D:4)
  4 giant newts
  An orc zombie (D:7)
  7 rats
426 creatures vanquished.

Vanquished Creatures (collateral kills)
  Azrael (D:13)
  A vault guard (D:13)
  5 ugly things (D:14)
  2 wraiths (D:13)
  An orc warrior (D:13)
  An orc (D:13)
11 creatures vanquished.

Vanquished Creatures (others)
  A vault guard (D:13)
1 creature vanquished.

Grand Total: 438 creatures vanquished

Notes
Turn   | Place    | Note
-------+----------+-------------------------------------------
     0 | D:1      | bullock the Demonspawn Wanderer began the quest for the Orb.
     0 | D:1      | bullock set off with: a +2 scale mail, a +0 mace, a potion of curing, a bread ration
     0 | D:1      | Reached XP level 1. HP: 16/16 MP: 3/3
   238 | D:1      | Gained mutation: You are partially covered in rough black scales. (AC +2, Dex -1) [demonic ancestry]
   238 | D:1      | Reached XP level 2. HP: 12/23 MP: 5/5
   257 | D:1      | Reached skill level 1 in Shields
   884 | D:1      | Gained mutation: You are partially covered in sharp spines. [demonic ancestry]
   884 | D:1      | Reached XP level 3. HP: 17/28 MP: 6/6
  1241 | D:2      | Reached skill level 3 in Fighting
  1290 | D:2      | Noticed Natasha
  1296 | D:2      | Killed Natasha
  1296 | D:2      | Gained mutation: You have a pair of small horns on your head. [demonic ancestry]
  1296 | D:2      | Reached XP level 4. HP: 30/35 MP: 7/7
  1377 | D:2      | Found a burning altar of Makhleb.
  1378 | D:2      | Found a stormy altar of Qazlal.
  1383 | D:2      | Found a bloodstained altar of Trog.
  1383 | D:2      | Found a radiant altar of Vehumet.
  1401 | D:2      | Became a worshipper of Makhleb the Destroyer
  1587 | D:2      | Noticed Natasha
  1596 | D:2      | Killed Natasha
  1611 | D:2      | Found a glowing golden altar of the Shining One.
  1696 | D:2      | Found a sacrificial altar of Ru.
  1743 | D:3      | Gained mutation: You are mostly covered in sharp spines. [demonic ancestry]
  1743 | D:3      | Reached XP level 5. HP: 38/42 MP: 8/8
  1751 | D:3      | Reached skill level 4 in Fighting
  1782 | D:3      | Reached * piety under Makhleb
  1851 | D:3      | Found a blossoming altar of Fedhas.
  1943 | D:3      | Noticed Sigmund
  1953 | D:3      | Killed Sigmund
  1953 | D:3      | Reached skill level 5 in Fighting
  1953 | D:3      | Gained mutation: You are completely covered in sharp spines. [demonic ancestry]
  1953 | D:3      | Reached XP level 6. HP: 45/51 MP: 9/9
  2171 | D:3      | Noticed Terence
  2181 | D:3      | Killed Terence
  2181 | D:3      | Reached skill level 6 in Fighting
  2217 | D:3      | Reached ** piety under Makhleb
  2501 | D:4      | Gained mutation: You have a pair of horns on your head. [demonic ancestry]
  2501 | D:4      | Reached XP level 7. HP: 58/59 MP: 10/10
  2707 | D:4      | Reached skill level 7 in Fighting
  2991 | D:5      | Entered Level 5 of the Dungeon
  3391 | D:6      | Reached skill level 8 in Fighting
  3473 | D:6      | Reached XP level 8. HP: 61/69 MP: 11/11
  3510 | D:6      | Found a shattered altar of Ashenzari.
  3526 | D:6      | Reached *** piety under Makhleb
  3529 | D:6      | Reached skill level 9 in Fighting
  3618 | D:6      | Got a jewelled spear
  3710 | D:6      | Reached skill level 10 in Fighting
  4159 | D:6      | Found a runed door.
  4163 | D:6      | Noticed Crazy Yiuf
  4172 | D:6      | Killed Crazy Yiuf
  4348 | D:7      | Noticed poirepourri's ghost (novice SpAs)
  4361 | D:7      | Killed poirepourri's ghost
  4361 | D:7      | Reached skill level 11 in Fighting
  4361 | D:7      | Gained mutation: You are mostly covered in rough black scales. (AC +5, Dex -2) [demonic ancestry]
  4361 | D:7      | Reached XP level 9. HP: 81/81 MP: 12/12
  4652 | D:7      | Reached **** piety under Makhleb
  4654 | D:7      | Found a basalt altar of Yredelemnul.
  4711 | D:7      | Reached skill level 12 in Fighting
  4795 | D:7      | Found a staircase to the Ecumenical Temple.
  4823 | D:7      | Noticed Duvessa
  4823 | D:7      | Noticed Dowan
  4831 | D:7      | Killed Duvessa
  4849 | D:7      | Killed Dowan
  5323 | D:8      | Reached skill level 1 in Invocations
  5354 | D:8      | Found a hide-covered altar of Uskayaw.
  5434 | D:8      | HP: 2/83 [orc warrior/halberd (11)]
  5690 | D:8      | Found an opulent altar of Gozag.
  5748 | D:8      | Gained mutation: You have supernaturally acute eyesight. (SInv) [potion of beneficial mutation]
  5881 | D:8      | Noticed a queen bee
  5909 | D:8      | Killed a queen bee
  5909 | D:8      | Reached XP level 10. HP: 76/91 MP: 13/15
  5918 | D:8      | Reached ***** piety under Makhleb
  5936 | D:8      | Reached skill level 13 in Fighting
  6295 | D:9      | Reached skill level 5 in Invocations
  6422 | D:9      | Noticed Joseph
  6433 | D:9      | Killed Joseph
  6471 | D:9      | Noticed a hill giant
  6487 | D:9      | Killed a hill giant
  6561 | D:9      | Noticed Prince Ribbit
  6574 | D:9      | Killed Prince Ribbit
  6597 | D:9      | Found a staircase to the Lair.
  6599 | D:9      | Reached skill level 5 in Spellcasting
  7117 | D:9      | Found an ancient bone altar of Kikubaaqudgha.
  7136 | D:9      | Found an iron altar of Okawaru.
  7453 | D:10     | Entered Level 10 of the Dungeon
  7453 | D:10     | Noticed a manticore
  7478 | D:10     | Killed a manticore
  7736 | D:10     | Reached XP level 11. HP: 74/99 MP: 18/20
  7747 | D:10     | Noticed Psyche
  7759 | D:10     | Killed Psyche
  7781 | D:10     | Noticed a hill giant
  7789 | D:10     | Noticed an unseen horror
  7821 | D:10     | Killed a hill giant
  7826 | D:10     | Noticed Grum
  7835 | D:10     | Killed Grum
  7868 | D:10     | Killed an unseen horror
  7868 | D:10     | Reached skill level 14 in Fighting
  7979 | D:10     | Noticed an unseen horror
  7982 | D:10     | Found a staircase to the Orcish Mines.
  7992 | D:10     | Killed an unseen horror
  8173 | D:11     | Found Uciwus's Antique Weapon Shoppe.
  8195 | D:11     | Bought a brightly glowing war axe for 306 gold pieces
  8195 | D:11     | Identified the +8 war axe of Hycome {freeze, +Fly rElec Dex+3} (You bought it in a shop on level 11 of the Dungeon)
  8211 | D:11     | Found a shimmering altar of Xom.
  8217 | D:11     | Found a shimmering altar of Xom.
  8217 | D:11     | Found a shimmering altar of Xom.
  8217 | D:11     | Found a shimmering altar of Xom.
  8218 | D:11     | Found a shimmering altar of Xom.
  8221 | D:11     | Found a shimmering altar of Xom.
  8221 | D:11     | Found a shimmering altar of Xom.
  8290 | D:11     | Noticed an unseen horror
  8296 | D:11     | Killed an unseen horror
  8330 | D:11     | Reached ****** piety under Makhleb
  8549 | D:11     | Found Zyxuot's Distillery.
  8552 | D:11     | Bought a potion of degeneration for 14 gold pieces
  8773 | D:11     | Reached skill level 10 in Invocations
  8966 | D:11     | Noticed a brown ugly thing
  8972 | D:11     | Killed a brown ugly thing
  9558 | D:12     | Noticed a purple ugly thing
  9567 | D:12     | Killed a purple ugly thing
  9747 | D:12     | Noticed an unseen horror
  9753 | D:12     | Killed an unseen horror
  9753 | D:12     | Reached XP level 12. HP: 96/108 MP: 24/24
 10103 | D:13     | Noticed a centaur warrior
 10110 | D:13     | Killed a centaur warrior
 10206 | D:13     | Noticed a centaur warrior
 10212 | D:13     | Killed a centaur warrior
 10257 | D:13     | Reached skill level 15 in Fighting
 10267 | D:13     | Noticed Azrael
 10293 | D:13     | Noticed a vault guard
 10304 | D:13     | Killed a vault guard
 10555 | D:13     | Killed Azrael
 10610 | D:13     | Noticed a vault guard
 10621 | D:13     | Killed a vault guard
 10655 | D:13     | Noticed Josephine
 10664 | D:13     | Killed Josephine
 10783 | D:13     | Noticed a vault guard
 10795 | D:13     | Killed a vault guard
 10823 | D:13     | Found a gate to the Vaults.
 10850 | D:13     | Noticed a vault guard
 10887 | D:13     | Killed a vault guard
 11554 | D:14     | Gained mutation: You are immune to rotting. [demonic ancestry]
 11554 | D:14     | Reached XP level 13. HP: 65/116 MP: 26/26
 11899 | D:14     | Reached skill level 10 in Spellcasting
 12098 | D:14     | Learned a level 1 spell: Summon Butterflies
 12163 | D:14     | Learned a level 1 spell: Apportation
 12311 | D:15     | Entered Level 15 of the Dungeon
 12659 | D:15     | Found Waqih's Weapon Shop.
 12711 | D:15     | HP: 2/117 [white ugly thing (4)]
 12711 | D:15     | Annihilated by a white ugly thing

Vault maps used:
D:1:      mrwooster_arrival_statue, minmay_statues_item
D:2:      old_standard_altar, nicolae_ru_the_path_less_chosen, minitemple,
          uniq_natasha
D:3:      lemuel_doored_altar, first_bread, corexii_shack, uniq_sigmund,
          uniq_terence
D:6:      ashenzari_altar_1, uniq_crazy_yiuf_cottage
D:7:      lemuel_mausoleum_altar_yredelemnul, uniq_duvessa
D:8:      lemuel_crystal_altar, kennysheep_mini_moat, david_nohive_1
D:9:      okawaru_humans, erik_lair_orcish_takeover, basic_altar,
          uniq_prince_ribbit1, uniq_joseph
D:10:     david_orc_2, hangedman_decor_riveting, uniq_grum, uniq_psyche
D:11:     serial_shops, nicolae_shop_waterfront, nicolae_shop_behind_doors,
          nicolae_xom_altar_mimics
D:13:     lightli_vaults_fourway_checkpoint, uniq_josephine, uniq_azrael
D:14:     hangedman_glass_teeth, glass_columns_a
D:15:     hangedman_depths_entry_try_elsewhere_first, serial_shops,
          nicolae_shop_statue_plus, wad_floor_pattern_untrapped

Skill      XL: |  1  2  3  4  5  6  7  8  9 10 11 12 13 |
---------------+----------------------------------------+-----
Shields        | 1 2 3 |  3.1
Fighting       | 3 5 6 8 11 12 13 14 15 | 15.9
Invocations    | 3 7 10 12 13 | 13.7
Spellcasting   | 3 6 8 9 10 | 10.5
Maces & Flails | |  1.7
Armour         | |  1.0
Stealth        | |  1.0
Summonings     | |  1.0
Evocations     | |  1.0

Action                   |  1- 3 |  4- 6 |  7- 9 | 10-12 | 13-15 || total
-------------------------+-------+-------+-------+-------+-------++-------
Melee: Mace              |    90 |       |       |       |       ||    90
       Short sword       |    16 |   118 |   357 |   252 |       ||   743
       Headbutt          |       |    10 |    44 |   115 |    15 ||   184
       War axe           |       |       |       |   323 |    84 ||   407
 Fire: Blowgun           |       |       |       |     3 |       ||     3
Throw: Throwing net      |       |       |     1 |       |       ||     1
Invok: Minor Destruction |       |       |     2 |     3 |       ||     5
       Greater Servant o |       |       |       |     3 |     1 ||     4
Evoke: Wand              |       |       |     2 |     1 |       ||     3
  Use: Scroll            |       |       |    10 |     9 |       ||    19
       Potion            |       |       |     4 |     3 |       ||     7
 Stab: Paralysed         |       |       |    12 |     9 |       ||    21
       Distracted        |       |       |       |     2 |       ||     2
  Eat: Chunk             |     1 |     4 |    10 |    21 |     3 ||    39
       Beef jerky        |       |       |     1 |       |     1 ||     2
Armor: Scale mail        |    57 |    47 |   175 |   437 |    94 ||   810
Dodge: Dodged            |    40 |    23 |    90 |   224 |    33 ||   410
Block: Buckler           |    22 |    19 |    62 |   159 |    30 ||   292
